 Dungeon Crawl Stone Soup version 0.18-b1-14-g029dad2 (webtiles) character file.

163 Alarkh the Grave Robber (level 5, -6/35 HPs)
             Began as a Mummy Necromancer on Apr 30, 2016.
             Killed from afar by an orc wizard (10 damage)
             ... with a puff of flame
             ... on level 3 of the Dungeon.
             The game lasted 00:46:56 (1957 turns).

Alarkh the Grave Robber (Mummy Necromancer)         Turns: 1957, Time: 00:46:56

Health: -6/35      AC:  9    Str: 11    XL:     5   Next: 20%
Magic:  0/10       EV: 12    Int: 16    God:
Gold:   73         SH:  0    Dex: 12    Spells: 3 memorised, 3 levels left

rFire  x . .     SeeInvis .     a - +0 mace (protect)
rCold  + . .     Gourm    .     m - +0 robe
rNeg   + + +     Faith    .     (no shield)
rPois  ∞         Spirit   .     (no helmet)
rElec  .         Dismiss  .     l - +1 cloak
rCorr  .         Reflect  .     (no gloves)
SustAt .         Harm     .     (no boots)
MR     .....                    (no amulet)
Stlth  ++........               (no ring)
                                e - ring of wizardry

@: not resistant to hostile enchantments, unstealthy
A: no food or potions, fire vulnerability, cold resistance 1, negative energy
resistance 3, torment resistance, unbreathing
a: no special abilities


You were on level 3 of the Dungeon.
You were not hungry.

You visited 1 branch of the dungeon, and saw 3 of its levels.

You collected 73 gold pieces.

Inventory:

Hand Weapons
 a - a +0 mace of protection (weapon)
 i - a +3 quarterstaff of chaos
 k - a +0 hand axe
Armour
 j - a +0 cloak
 l - a +1 cloak (worn)
 m - a +0 robe (worn)
Jewellery
 e - a ring of wizardry (left hand)
Scrolls
 c - a scroll of random uselessness
 d - a scroll of enchant armour {unknown}
 f - 2 scrolls of teleportation
 g - 3 scrolls of remove curse
 h - 2 scrolls of identify {unknown}
 n - a scroll of enchant weapon {unknown}
Books
 b - a book of Necromancy

   Spells                             Type                      Level
   a - Pain                           Necromancy                   1
   b - Animate Skeleton               Necromancy                   1
   c - Vampiric Draining              Necromancy                   3
   d - Regeneration                   Charms/Necromancy            3
   e - Animate Dead                   Necromancy                   4
   f - Control Undead                 Necromancy                   4


   Skills:
 - Level 1.5 Dodging
 - Level 1.5 Stealth
 + Level 3.6 Spellcasting
 + Level 5.5 Necromancy


You had 3 spell levels left.
You knew the following spells:

 Your Spells              Type           Power        Failure   Level  Hunger
a - Pain                  Necr           ###.         1%          1    N/A
b - Vampiric Draining     Necr           ###.......   3%          3    N/A
c - Control Undead        Necr           ###.......   9%          4    N/A

Dungeon Overview and Level Annotations

Branches:
Dungeon (3/15)

Altars:


Innate Abilities, Weirdness & Mutations

You do not eat or drink.
Your flesh is vulnerable to fire.
You are immune to poison.
Your flesh is cold resistant.
You are immune to negative energy.
You are immune to unholy pain and torment.
You can survive without breathing.


Message History

Deactivating autopickup; reactivate with Ctrl-A.
The kobold throws a stone.
The stone hits you but does no damage.
You hear some strange, mumbled words.
A puff of flame appears from out of thin air!
The puff of flame hits you! The fire burns you terribly!
The kobold throws a stone.
You hear some strange, mumbled words.
A puff of flame appears from out of thin air!
The puff of flame hits you! The fire burns you terribly!
* * * LOW HITPOINT WARNING * * *
Casting: Pain
Confirm with . or Enter, or press ? or * to list all spells.
Aiming: Pain
Press: ? - help, Shift-Dir - straight line, f - kobold
Aim: a kobold, wielding a whip (chance to defeat MR: 95%) Nothing appears to happen.
Something barely misses you.
You hear some strange, mumbled words.
A puff of flame appears from out of thin air!
The puff of flame hits you! The fire burns you terribly!
You die...

###.##.#### #...#
####.## ...###.#
####.#### ####.##
.#####.# #......<#
#...... .......#
.....##.##.# #(##.#.
..###### ####.##.##)# #
#.#. #.# .##$
.......†#####.##... #.#
....##.###.#........###.
#.#
.............#####......
..# .......@###..#
#.#### ### #.......#
#.## #.#.#.#(###.#
.....#.K...# ....#
###)### #.## #..[..# #
#.†)..# .......#
.##.....#


You could see a kobold.

Vanquished Creatures
  Ijyb (D:2)
  Crazy Yiuf (D:2)
  3 adders (D:2)
  A worm (D:3)
  5 dart slugs
  8 orcs (D:3)
  7 goblins
  8 hobgoblins
  6 jackals
  2 kobolds (D:3)
  A quokka (D:3)
  6 bats
  6 giant newts
  8 rats
63 creatures vanquished.

Notes
Turn   | Place    | Note
--------------------------------------------------------------
     0 | D:1      | Alarkh the Mummy Necromancer began the quest for the Orb.
     0 | D:1      | Reached XP level 1. HP: 13/13 MP: 3/3
   373 | D:1      | Reached XP level 2. HP: 15/19 MP: 0/5
   788 | D:2      | Noticed Ijyb
   851 | D:2      | Reached XP level 3. HP: 24/24 MP: 0/7
   857 | D:2      | Learned a level 3 spell: Vampiric Draining
   997 | D:2      | Noticed Crazy Yiuf
  1004 | D:2      | Killed Crazy Yiuf
  1004 | D:2      | Reached XP level 4. HP: 30/30 MP: 3/8
  1136 | D:2      | Reached skill level 5 in Necromancy
  1338 | D:2      | Learned a level 4 spell: Control Undead
  1439 | D:2      | Killed Ijyb
  1693 | D:3      | Reached XP level 5. HP: 35/35 MP: 2/10
  1957 | D:3      | Killed from afar by an orc wizard

Skill      XL: |  1  2  3  4 |
---------------+-------------+-----
Spellcasting   | 3 |  3.6
Necromancy     | 5 |  5.5
Dodging        | |  1.5
Stealth        | |  1.5

Action                   |  1- 3 |  4- 6 || total
-------------------------+-------+-------++-------
Melee: Unarmed           |    24 |       ||    24
       Hand axe          |       |     4 ||     4
       Mace              |       |    18 ||    18
 Cast: Pain              |    42 |    70 ||   112
  Use: Scroll            |       |     3 ||     3
 Stab: Sleeping          |     1 |       ||     1
Armor: Robe              |    10 |    16 ||    26
Dodge: Dodged            |    18 |    28 ||    46
